 Dungeon Crawl Stone Soup version 0.23-a0-612-gcb482e9 (webtiles) character file.

99 Mgcat the Chopper (level 4, -1/38 HPs)
             Began as a Hill Orc Gladiator on Dec 21, 2018.
             Killed from afar by an orc wizard (2 damage)
             ... with a magic dart
             ... on level 3 of the Dungeon.
             The game lasted 00:02:25 (1144 turns).

Mgcat the Chopper (Hill Orc Gladiator)              Turns: 1144, Time: 00:02:26

Health: -1/38      AC:  4    Str: 17    XL:     4   Next: 72%
Magic:  4/4        EV: 12    Int:  8    God:
Gold:   51         SH:  0    Dex: 12    Spells: 3/3 levels left

rFire    . . .     SeeInvis .   a - +0 war axe
rCold    . . .     Gourm    .   (no shield)
rNeg     . . .     Faith    .   b - +0 leather armour
rPois    .         Spirit   .   c - +0 helmet
rElec    .         Reflect  .   (no cloak)
rCorr    .         Harm     .   (no gloves)
MR       .....     Rnd*Tele +   (no boots)
Stlth    +.........             (no amulet)
HPRegen  0.12/turn              h - ring of teleportation (curse) {+/*tele, !d}
MPRegen  0.09/turn              (no ring)

@: no status effects
A: no striking features
a: no special abilities


You were on level 3 of the Dungeon.
You were not hungry.

You visited 1 branch of the dungeon, and saw 3 of its levels.

You collected 51 gold pieces.

Inventory:

Hand Weapons
 a - a +0 war axe (weapon)
Missiles
 d - 3 throwing nets {=f, !d}
Armour
 b - a +0 leather armour (worn)
 c - a +0 helmet (worn)
Jewellery
 h - a cursed ring of teleportation (left hand) {+/*tele, !d}
   (You found it on level 1 of the Dungeon)
Scrolls
 e - a scroll of identify {unknown}
 g - a scroll of enchant armour {unknown}
 i - 2 scrolls of immolation {!r}
 k - 3 scrolls of remove curse {unknown}
 l - a scroll of enchant weapon {unknown}
 m - a scroll of fear {unknown}
Comestibles
 f - 2 rations


   Skills:
 + Level 3.5 Fighting
 + Level 5.0 Axes
 - Level 1.7 Throwing
 + Level 2.0 Armour
 + Level 3.0 Dodging


You had 3 spell levels left.
You didn't know any spells.
Your spell library was empty.

Dungeon Overview and Level Annotations

Branches:
Dungeon (3/15)

Altars:
Uskayaw


Message History

You hit the orc. You barely miss the orc. The orc barely misses you.
The orc hits you with a +0 short sword.
Unknown command.
Unknown command.
You slash the orc!
You kill the orc!
You hit the orc. x2; The orc barely misses you.
The orc wizard looks braver for a moment.
The orc closely misses you.
Unknown command.
Unknown command.
Unknown command.
The orc misses you.
The orc wizard hits you with a +0 dagger.
The orc closely misses you. The orc wizard misses you.
Unknown command.
Your leather armour prevents you from hitting the orc wizard.
You closely miss the orc wizard. You hit the orc but do no damage.
You closely miss the orc.
The orc wizard hits you but does no damage.
The orc wizard closely misses you. The orc barely misses you. x2
Unknown command.
Unknown command.
You hit the orc wizard.
The orc wizard is moderately wounded.
You hit the orc.
You kill the orc!
Your Axes skill increases to level 5!
You hit the orc but do no damage. You closely miss the orc wizard.
The orc wizard hits you with a +0 dagger.
The orc wizard hits you but does no damage. x2
The orc hits you with a +0 flail.
The orc wizard hits you but does no damage.
Unknown command.
Unknown command.
You feel much better.
The orc wizard gestures at you while chanting.
The magic dart hits you! The orc barely misses you.
The orc wizard completely misses you. The orc wizard closely misses you.
You hit the orc wizard but do no damage.
The orc wizard is moderately wounded.
You hit the orc but do no damage. You barely miss the orc wizard.
The orc wizard hits you with a +0 dagger.
The orc closely misses you. The orc wizard completely misses you.
The orc wizard hits you with a +0 dagger.
Unknown command.
Unknown command.
You miss the orc wizard.
The orc wizard is moderately wounded.
You closely miss the orc. You closely miss the orc wizard.
The orc wizard hits you with a +0 dagger.
The orc hits you but does no damage.
The orc wizard miscasts a cantrip.
The orc wizard hits you with a +0 dagger.
Unknown command.
Unknown command.
You hit the orc wizard but do no damage.
The orc wizard is moderately wounded.
You miss the orc wizard. You hit the orc.
The orc wizard points at you and mumbles some strange words.
The magic dart hits you!
The orc wizard hits you with a +0 dagger.
* * * LOW HITPOINT WARNING * * *
The orc hits you but does no damage. The orc wizard closely misses you.
Unknown command.
Unknown command.
Unknown command.
You closely miss the orc wizard.
The orc wizard is moderately wounded.
You hit the orc wizard but do no damage.
You barely miss the orc. The orc wizard barely misses you.
The orc wizard gestures at you while chanting.
The magic dart hits you!
* * * LOW HITPOINT WARNING * * *
The orc hits you but does no damage.
The orc wizard hits you but does no damage.
The orc wizard hits you with a +0 dagger.
* * * LOW HITPOINT WARNING * * *
Unknown command.
Unknown command.
You miss the orc wizard.
The orc wizard is moderately wounded.
You completely miss the orc wizard. You closely miss the orc.
The orc barely misses you.
The orc wizard points at you and mumbles some strange words.
The magic dart hits you!
* * * LOW HITPOINT WARNING * * *
The orc wizard hits you but does no damage.
Unknown command.
Unknown command.
As you read the scroll labeled VORYFF JUMN, it crumbles to dust.
The creatures around you are filled with an inner flame!
It was a scroll of immolation.
The orc wizard hits you but does no damage.
The orc barely misses you.
The orc wizard hits you with a +0 dagger.
* * * LOW HITPOINT WARNING * * *
The orc wizard gestures at you while chanting.
The magic dart hits you!
You die...

#.# #......###..# #.#
#####....<.# #.# #.#
#.......###### #.#
#............# ####.#
##............#
#....###.............
#................... .
#[...##.......o.##....
#.....รท.#...o@oK......
.>.....####...).#.#.....
........# #...###.#.....
........# #.....o..... .
.....#..##...###...####
...##........# ...#
..$..# ...# ..... ...#
#### ##.#


You could see 2 orc wizards, an orc (inner flame) and a kobold (inner flame).

Vanquished Creatures
  An orc priest (D:3)
  An adder (D:3)
  A worm (D:2)
  4 dart slugs
  3 orcs (D:3)
  6 bats
  3 giant cockroaches (D:2)
  9 goblins
  3 hobgoblins (D:1)
  A kobold (D:2)
  A quokka (D:2)
  5 frilled lizards
  10 rats
48 creatures vanquished.

Notes
Turn   | Place    | Note
-------+----------+-------------------------------------------
     0 | D:1      | Mgcat the Hill Orc Gladiator began the quest for the Orb.
     0 | D:1      | Reached XP level 1. HP: 18/18 MP: 1/1
   148 | D:1      | Reached XP level 2. HP: 25/25 MP: 2/2
   223 | D:1      | Reached skill level 1 in Armour
   311 | D:1      | Reached XP level 3. HP: 27/30 MP: 3/3
   314 | D:1      | Reached skill level 3 in Fighting
   600 | D:2      | Found a hide-covered altar of Uskayaw.
  1001 | D:3      | Reached XP level 4. HP: 27/38 MP: 4/4
  1124 | D:3      | Reached skill level 2 in Armour
  1124 | D:3      | Reached skill level 3 in Dodging
  1126 | D:3      | HP: 3/38 [orc/+0 flail (8)]
  1137 | D:3      | Reached skill level 5 in Axes
  1142 | D:3      | HP: 9/38 [orc wizard/magic dart (2)]
  1143 | D:3      | HP: 2/38 [orc wizard/magic dart (4)]
  1144 | D:3      | Killed from afar by an orc wizard

Vault maps used:
D:1:      onia_arrival_pentagram
D:2:      lemuel_crystal_altar
D:3:      demons_altar, nicolae_tso_swordbearing_angel, minivault_26,
          uniq_crazy_yiuf_cottage

Skill      XL: |  1  2  3  4 |
---------------+-------------+-----
Armour         | 1 2 |  2.0
Fighting       | 3 |  3.5
Dodging        | 3 |  3.0
Axes           | 5 |  5.0
Throwing       | |  1.7

Action                   |  1- 3 |  4- 6 || total
-------------------------+-------+-------++-------
Melee: War axe           |   102 |    22 ||   124
  Use: Potion            |       |     2 ||     2
       Scroll            |       |     1 ||     1
 Stab: Sleeping          |     1 |       ||     1
  Eat: Chunk             |       |     1 ||     1
Armor: Leather armour    |    30 |    12 ||    42
Dodge: Dodged            |    71 |    27 ||    98

Table legend:
 A = Non-vault XP
 B = Vault XP
 C = Vault XP percentage of total XP
 D = Non-vault monster count
 E = Vault monster count
 F = Vault count percentage of total count
                 A         B        C        D         E       F
            +---------+---------+-------+---------+---------+-------
      Total |     142 |       0 |   0.0 |      48 |       0 |   0.0
            +---------+---------+-------+---------+---------+-------
        D:1 |      46 |       0 |   0.0 |      26 |       0 |   0.0
        D:2 |      26 |       0 |   0.0 |      14 |       0 |   0.0
        D:3 |      70 |       0 |   0.0 |       8 |       0 |   0.0
            +---------+---------+-------+---------+---------+-------

Vault maps used:
D:1:      onia_arrival_pentagram
D:2:      lemuel_crystal_altar
D:3:      demons_altar, nicolae_tso_swordbearing_angel, minivault_26,
          uniq_crazy_yiuf_cottage

Table legend:
 A = Turns spent in this place as a percentage of turns spent in the entire game.
 B = Non-inter-level travel turns spent in this place as a percentage of non-inter-level travel turns spent in the entire game.
 C = Inter-level travel turns spent in this place as a percentage of turns spent in this place.
 D = Turns resting spent in this place as a percentage of non-inter-level travel turns spent in this place.
 E = Turns spent auto-exploring this place as a percentage of non-inter-level travel turns spent in this place.
 F = Non-inter-level travel turns spent in this place divided by the number of levels of this place that you've seen.
                   A       B       C       D       E      F
               +-------+-------+-------+-------+-------+----------------------
         Total | 100.0 | 100.0 |   3.4 |   0.8 |  75.1 | 368.3
       Dungeon | 100.0 | 100.0 |   3.4 |   0.8 |  75.1 | 368.3
               +-------+-------+-------+-------+-------+----------------------

Table legend:
 A = Kills in this place as a percentage of kills in entire the game.
 B = Kills by you in this place as a percentage of kills by you in the entire game.
 C = Kills by friends in this place as a percentage of kills by friends in the entire game.
 D = Other kills in this place as a percentage of other kills in the entire game.
 E = Experience gained in this place as a percentage of experience gained in the entire game.
 F = Experience gained in this place divided by the number of levels of this place that you have seen.
                   A       B       C       D       E      F
               +-------+-------+-------+-------+-------+----------------------
         Total | 100.0 | 100.0 |   N/A |   N/A | 100.0 |  47.3
       Dungeon | 100.0 | 100.0 |   N/A |   N/A | 100.0 |  47.3
               +-------+-------+-------+-------+-------+----------------------
